[Event "ICC tourney 2955 (40 10)"]
[Site "Internet Chess Club"]
[Date "2022.07.09"]
[Round "4"]
[White "Bharathy Mohan, Aarav Sai:aaravbm"]
[Black "ANGELCHIK, JACOB:t105mm"]
[Result "0-1"]
[ICCResult "White checkmated"]
[WhiteElo "1169"]
[BlackElo "1284"]
[Opening "Sicilian defense"]
[ECO "B20"]
[NIC "SI.48"]
[Time "17:45:14"]
[PlyCount "70"]
[TimeControl "2400+10"]

1. e4 c5 2. c4 d6 3. Nc3 Nf6 4. h3 g6 5. Nge2 Bg7 6. g3 O-O 7. Bg2 Nc6 8. d3
Re8 9. f3 e5 10. g4 Nd4 11. Nxd4 cxd4 12. Nd5 Be6 13. h4 Bxd5 14. cxd5 Qa5+
15. Bd2 Qb5 16. Qc2 Rec8 17. Qb1 Rc7 18. h5 Rac8 19. h6 Bf8 20. g5 Nh5 21.
Bh3 Rb8 22. Bg4 Nf4 23. Bxf4 exf4 24. Bh3 Re8 25. Ke2 Qxd5 26. Qd1 Qb5 27.
Qd2 d5 28. Qxf4 Qxb2+ 29. Kf1 Qxa1+ 30. Kg2 Rc2+ 31. Kg3 Qxh1 32. Kg4 Rh2
33. exd5 Rxh3 34. Qf6 Qg2+ 35. Kf4 Rxf3# {White checkmated} 0-1

[Event "ICC tourney 2955 (40 10)"]
[Site "Internet Chess Club"]
[Date "2022.07.09"]
[Round "4"]
[White "Jiang, Zen:zenjiang"]
[Black "STONE, GILBERT L:tightfist"]
[Result "0-1"]
[ICCResult "White resigns"]
[WhiteElo "748"]
[BlackElo "1283"]
[Opening "French: advance, Paulsen attack"]
[ECO "C00"]
[NIC "FR.01"]
[Time "17:45:40"]
[PlyCount "73"]
[TimeControl "2400+10"]

1. e4 e6 2. Nf3 d5 3. e5 c5 4. d4 Nc6 5. c3 Qb6 6. b3 cxd4 7. cxd4 Bb4+ 8.
Nbd2 Nge7 9. Bb2 O-O 10. Bd3 Nf5 11. Bxf5 exf5 12. O-O Be6 13. a3 Bxd2 14.
Qxd2 Qxb3 15. Rfb1 Qa4 16. Bc3 Rab8 17. Bb4 Nxb4 18. Rxb4 Qd7 19. Rab1 h6
20. Qb2 Rfc8 21. h3 b6 22. Rb5 Qc6 23. a4 Qc2 24. a5 Qxb2 25. R1xb2 Rc6 26.
Kh2 g5 27. Nd2 Kf8 28. Kg3 f4+ 29. Kf3 Ke7 30. g3 Rc3+ 31. Kg2 fxg3 32. fxg3
Bd7 33. Rxd5 Bc6 34. Rb5 Bxd5+ 35. Rxd5 Rc2 36. Kf3 Rxd2 37. Rd6 {White
resigns} 0-1

[Event "ICC tourney 2955 (40 10)"]
[Site "Internet Chess Club"]
[Date "2022.07.09"]
[Round "4"]
[White "Morgan, Lakshmi M:luckylol3"]
[Black "Pandina, Jake:JakeAlo"]
[Result "1-0"]
[ICCResult "Black resigns"]
[WhiteElo "1314"]
[BlackElo "1190"]
[Opening "Evans gambit"]
[ECO "C51"]
[NIC "IG.05"]
[Time "17:45:16"]
[PlyCount "55"]
[TimeControl "2400+10"]

1. e4 e5 2. Nf3 Nc6 3. Bc4 Bc5 4. b4 Bxb4 5. c3 Bc5 6. d4 exd4 7. O-O dxc3
8. Qb3 Qf6 9. e5 Nxe5 10. Nxe5 Qxe5 11. Bxf7+ Kf8 12. Nxc3 Bd4 13. Bb2 Nf6
14. Rae1 Qg5 15. Ne4 Qf4 16. Nxf6 gxf6 17. Bxd4 Qxd4 18. Re8+ Kg7 19. Qg3+
Kxf7 20. Rxh8 Qe5 21. Rxh7+ Ke6 22. Qg4+ Kd6 23. Rd1+ Kc6 24. Rh5 d5 25.
Qa4+ b5 26. Qc2+ Kd6 27. Rxe5 fxe5 28. Rc1 {Black resigns} 1-0

[Event "ICC tourney 2955 (40 10)"]
[Site "Internet Chess Club"]
[Date "2022.07.09"]
[Round "4"]
[White "WEI, LUKE:caracleliem2"]
[Black "BABARIA, RAJVI RAKESH:rajvibabaria1"]
[Result "0-1"]
[ICCResult "White resigns"]
[WhiteElo "1132"]
[BlackElo "1333"]
[Opening "Ruy Lopez: Berlin defense, 4.O-O, d6"]
[ECO "C66"]
[NIC "RL.02"]
[Time "17:46:19"]
[PlyCount "82"]
[TimeControl "2400+10"]

1. e4 e5 2. Nf3 Nc6 3. Bb5 d6 4. O-O Nf6 5. Re1 Bg4 6. h3 Bh5 7. d3 a6 8.
Ba4 b5 9. Bb3 Nd4 10. Nbd2 Be7 11. c3 Nc6 12. Bc2 O-O 13. b4 a5 14. a3 axb4
15. cxb4 Nxb4 16. Bb2 Nc6 17. Qb1 Nd7 18. Bc3 Rb8 19. Bb3 Nc5 20. Bd5 Qd7
21. d4 exd4 22. Nxd4 Nxd4 23. Bxd4 Bg5 24. Qb2 c6 25. Bxc5 dxc5 26. g4 Bg6
27. Nf3 Bf4 28. Bb3 Qd3 29. Bd1 Bxe4 30. Be2 Qd5 31. Rad1 Qe6 32. Bd3 f5 33.
gxf5 Qxf5 34. Bxe4 Qxh3 35. Bxc6 Rf6 36. Re8+ Rxe8 37. Bxe8 Rh6 38. Bf7+
Kxf7 39. Ng5+ Bxg5 40. f4 Qh1+ 41. Kf2 Qh2+ {White resigns} 0-1

[Event "ICC tourney 2955 (40 10)"]
[Site "Internet Chess Club"]
[Date "2022.07.09"]
[Round "4"]
[White "LAIDO, MATTHEW:Dabao"]
[Black "Yang, Leah:Leahyang0713"]
[Result "1-0"]
[ICCResult "Black checkmated"]
[WhiteElo "1173"]
[BlackElo "687"]
[Opening "French: advance, Paulsen attack"]
[ECO "C02"]
[NIC "FR.03"]
[Time "17:45:40"]
[PlyCount "97"]
[TimeControl "2400+10"]

1. e4 e6 2. d4 d5 3. e5 c5 4. c3 Nc6 5. Nf3 Qb6 6. Be2 f6 7. exf6 Nxf6 8.
O-O Bd6 9. Na3 a6 10. Nc2 O-O 11. Re1 e5 12. dxe5 Nxe5 13. Nxe5 Bxe5 14. Bf3
Qd6 15. Ne3 Rd8 16. g3 Be6 17. Qe2 Qc7 18. Nxd5 Bxd5 19. Bxd5+ Rxd5 20. c4
Rd4 21. Qxe5 Qxe5 22. Rxe5 Rxc4 23. Be3 Rc8 24. Re7 b5 25. Re6 a5 26. Ra6 a4
27. Rb6 Rb4 28. Rb1 a3 29. b3 c4 30. Rc1 Ra8 31. Bc5 cxb3 32. Bxb4 Nd5 33.
Rxb5 Nxb4 34. Rxb4 b2 35. Rc3 Rd8 36. Rcb3 Rd1+ 37. Kg2 Rd2 38. Rxa3 h6 39.
Rab3 b1=Q 40. Rxb1 Rxa2 41. h4 Kh7 42. Rb7 Kg8 43. R1b2 Ra6 44. R7b6 Ra7 45.
Rb7 Ra6 46. R2b6 Ra5 47. Rg6 Kf8 48. Rgxg7 Ke8 49. Rb8# {Black checkmated}
1-0

[Event "ICC tourney 2955 (40 10)"]
[Site "Internet Chess Club"]
[Date "2022.07.09"]
[Round "4"]
[White "Johns, Timothy Wesley:nishanth600"]
[Black "Jones, Richard S:weakfish"]
[Result "0-1"]
[ICCResult "White resigns"]
[WhiteElo "647"]
[BlackElo "1354"]
[Opening "Caro-Kann: classical variation"]
[ECO "B18"]
[NIC "CK.10"]
[Time "17:45:22"]
[PlyCount "78"]
[TimeControl "2400+10"]

1. e4 c6 2. d4 d5 3. Nc3 dxe4 4. Nxe4 Bf5 5. Ng3 Bg6 6. Nf3 Nd7 7. Bc4 e6 8.
O-O Ngf6 9. Re1 Be7 10. Bd2 O-O 11. Bc3 h6 12. Bb3 Rc8 13. h3 Qc7 14. Qd2
Rfe8 15. Rad1 Bd6 16. Nf1 Ne4 17. Qe2 Nxc3 18. bxc3 Qa5 19. Qd2 Nf6 20. Ne3
b5 21. Ra1 Ne4 22. Qc1 Ba3 23. Qd1 Bb2 24. Rb1 Bxc3 25. Ng4 Bxe1 26. Qxe1
Qxe1+ 27. Rxe1 Ng5 28. Nxg5 hxg5 29. Re5 Bf5 30. Ne3 g6 31. Nxf5 gxf5 32. c3
Kg7 33. a3 Kf6 34. g3 Red8 35. Kg2 c5 36. Ba2 a6 37. f4 gxf4 38. gxf4 cxd4
39. cxd4 Rc2+ {White resigns} 0-1

[Event "ICC tourney 2955 (40 10)"]
[Site "Internet Chess Club"]
[Date "2022.07.09"]
[Round "4"]
[White "ZHOU, YUCHEN:K01-30171464"]
[Black "JAIN, ISAAC:itg"]
[Result "1-0"]
[ICCResult "Black resigns"]
[WhiteElo "764"]
[BlackElo "973"]
[Opening "QGD Slav: 4.Nc3"]
[ECO "D15"]
[NIC "SL.03"]
[Time "17:45:58"]
[PlyCount "51"]
[TimeControl "2400+10"]

1. d4 d5 2. c4 c6 3. Nc3 Nf6 4. Nf3 Bf5 5. Bg5 Nbd7 6. e3 e6 7. Bd3 Bg4 8.
O-O Be7 9. Be2 O-O 10. h3 Bh5 11. Nd2 Bxe2 12. Qxe2 h6 13. Bf4 g5 14. Bg3
Kh8 15. e4 dxe4 16. Ncxe4 Nxe4 17. Nxe4 Nf6 18. Be5 Rg8 19. f4 gxf4 20. Rxf4
Rg6 21. Qf2 Kh7 22. Nxf6+ Bxf6 23. Bxf6 Qc7 24. Be5 Qe7 25. Rxf7+ Qxf7 26.
Qxf7+ {Black resigns} 1-0

[Event "ICC tourney 2955 (40 10)"]
[Site "Internet Chess Club"]
[Date "2022.07.09"]
[Round "4"]
[White "Cao, Frank Zhongtian:FrankCao"]
[Black "WENG, JOHNSON:K01-30136161"]
[Result "0-1"]
[ICCResult "White resigns"]
[WhiteElo "743"]
[BlackElo "1226"]
[Opening "Owen defense"]
[ECO "B00"]
[NIC "VO.01"]
[Time "17:45:20"]
[PlyCount "100"]
[TimeControl "2400+10"]

1. e4 b6 2. d4 Bb7 3. Nc3 e6 4. Nf3 Bb4 5. Bd3 Nf6 6. e5 Nd5 7. Bd2 Nxc3 8.
bxc3 Be7 9. O-O O-O 10. Qe2 d5 11. h3 Nd7 12. Rab1 c5 13. Qd1 c4 14. Be2 Ba3
15. Bc1 Bxc1 16. Qxc1 a6 17. Ne1 b5 18. Qd2 Qa5 19. Ra1 Nb6 20. f4 Na4 21.
Rf3 Rab8 22. a3 Bc6 23. g4 Qb6 24. Kh1 a5 25. f5 exf5 26. gxf5 f6 27. e6
Rfe8 28. Rg3 Re7 29. Bh5 Be8 30. Bxe8 Rbxe8 31. Nf3 Qc7 32. Rag1 Nb6 33. h4
Nc8 34. h5 Nd6 35. Qf4 Ne4 36. Qxc7 Rxc7 37. R3g2 Nxc3 38. h6 Ree7 39. hxg7
Rxg7 40. Rxg7+ Rxg7 41. Rxg7+ Kxg7 42. Kg2 Ne4 43. Nh4 b4 44. axb4 axb4 45.
Kf3 b3 46. cxb3 cxb3 47. e7 Kf7 48. Ng6 hxg6 49. fxg6+ Kxe7 50. g7 Kf7
{White resigns}
0-1

[Event "ICC tourney 2955 (40 10)"]
[Site "Internet Chess Club"]
[Date "2022.07.09"]
[Round "4"]
[White "Wang, Chase:chensix"]
[Black "WESLEY, GEORGE:Maglars"]
[Result "1-0"]
[ICCResult "Black resigns"]
[WhiteElo "918"]
[BlackElo "1062"]
[Opening "Scandinavian (center counter) defense"]
[ECO "B01"]
[NIC "SD.01"]
[Time "17:45:40"]
[PlyCount "81"]
[TimeControl "2400+10"]

1. e4 d5 2. exd5 Qxd5 3. Nc3 Qa5 4. Nf3 Nf6 5. Bc4 Bf5 6. d3 e6 7. a3 c6 8.
Be3 Be7 9. b4 Qc7 10. O-O Nbd7 11. Qd2 O-O-O 12. Bxa7 b6 13. Ba6+ Qb7 14.
Bxb7+ Kxb7 15. Bxb6 Nxb6 16. Rfb1 Rd7 17. a4 Ra8 18. a5 Nc4 19. Qf4 Nd6 20.
a6+ Rxa6 21. Rxa6 Kxa6 22. Ra1+ Kb7 23. Qe3 Nc8 24. Ne5 Kc7 25. Nxd7 Bxb4
26. Nb6 Bxc3 27. Rb1 Nd6 28. Na8+ Kd8 29. Qb6+ Ke7 30. Qa7+ Nd7 31. Nb6 e5
32. Qa3 Bd4 33. Nxd7 Kxd7 34. h3 Be6 35. c3 Nb5 36. Qf8 Bxc3 37. Qxg7 e4 38.
Qxh7 exd3 39. Qxd3+ Bd5 40. Rxb5 cxb5 41. Qxd5+ {Black resigns} 1-0

[Event "ICC tourney 2955 (40 10)"]
[Site "Internet Chess Club"]
[Date "2022.07.09"]
[Round "4"]
[White "NANDURBARKAR, ANSH S:anandurbarkar"]
[Black "HESS, KARL ALAN:Khess33"]
[Result "0-1"]
[ICCResult "White checkmated"]
[WhiteElo "1131"]
[BlackElo "1253"]
[Opening "French: advance, Paulsen attack"]
[ECO "C02"]
[NIC "FR.03"]
[Time "17:45:49"]
[PlyCount "82"]
[TimeControl "2400+10"]

1. e4 e6 2. d4 d5 3. e5 c5 4. Nf3 Nc6 5. c3 Qc7 6. Bb5 h6 7. Be3 b6 8. Nbd2
Bd7 9. O-O Be7 10. Rc1 a6 11. Ba4 b5 12. Bc2 c4 13. b3 Bd8 14. b4 Nge7 15.
a4 Nf5 16. a5 Be7 17. Bxf5 exf5 18. Re1 O-O-O 19. Bf4 Be6 20. Nf1 g5 21. Be3
f4 22. Bd2 Qd7 23. h3 g4 24. hxg4 Bxg4 25. Bxf4 h5 26. N1h2 Rdg8 27. Re3 Nd8
28. Nxg4 hxg4 29. Nh2 Qf5 30. Bg3 Ne6 31. Rc2 Bh4 32. Nf1 Rg7 33. f3 Bxg3
34. Nxg3 Qg5 35. Ree2 gxf3 36. Rf2 Qxg3 37. Rxf3 Qh2+ 38. Kf1 Qh1+ 39. Ke2
Rxg2+ 40. Ke3 Qh6+ 41. Rf4 Qxf4# {White checkmated} 0-1

[Event "ICC tourney 2955 (40 10)"]
[Site "Internet Chess Club"]
[Date "2022.07.09"]
[Round "4"]
[White "ZHANG, ARI:brass60Six"]
[Black "HAMLETT, JAMES MORRISON:Hamlett144"]
[Result "1-0"]
[ICCResult "Black forfeits on time"]
[WhiteElo "1289"]
[BlackElo "1252"]
[Opening "QGD: Harrwitz attack"]
[ECO "D35"]
[NIC "QO.16"]
[Time "17:45:53"]
[PlyCount "139"]
[TimeControl "2400+10"]

1. d4 Nf6 2. c4 e6 3. Nc3 d5 4. Bf4 Bb4 5. a3 Be7 6. Nf3 O-O 7. e3 b6 8. Nb5
Ne8 9. Bd3 c6 10. Nc3 Ba6 11. cxd5 Bxd3 12. Qxd3 cxd5 13. Rc1 Nd7 14. O-O g5
15. Bg3 h5 16. h3 Ng7 17. Ne5 Nxe5 18. Bxe5 f6 19. Bg3 Qe8 20. Nb5 Qf7 21.
Rc7 Nf5 22. Rxa7 Rxa7 23. Nxa7 Nxg3 24. fxg3 f5 25. Nb5 Kg7 26. a4 Rh8 27.
Qe2 Qg6 28. Qf3 g4 29. Qf4 gxh3 30. gxh3 h4 31. Kh2 hxg3+ 32. Qxg3 Qxg3+ 33.
Kxg3 Kf6 34. h4 Rg8+ 35. Kf3 Rg4 36. Rh1 Kg7 37. h5 Kh6 38. Nc7 Re4 39. Rh3
Bg5 40. Kf2 Bh4+ 41. Ke2 Kxh5 42. Nb5 Rg4 43. Rh2 Kg5 44. Kd3 f4 45. exf4+
Rxf4 46. Re2 Rf3+ 47. Re3 Kf4 48. Rxf3+ Kxf3 49. Nc7 e5 50. dxe5 Bg3 51.
Nxd5 Bxe5 52. b3 Bb8 53. Nxb6 Kf4 54. Nd5+ Kf5 55. Kc4 Ke6 56. Kc5 Kd7 57.
b4 Ba7+ 58. Kb5 Kd6 59. Nb6 Kc7 60. Nc4 Kb7 61. Ka5 Bd4 62. Kb5 Bc3 63. Kc5
Kc7 64. b5 Bf6 65. b6+ Kb8 66. Kc6 Bd8 67. a5 Bf6 68. a6 Be7 69. b7 Bd8 70.
Ne5 {Black forfeits on time} 1-0

[Event "ICC tourney 2955 (40 10)"]
[Site "Internet Chess Club"]
[Date "2022.07.09"]
[Round "5"]
[White "Pandina, Jake:JakeAlo"]
[Black "WEI, LUKE:caracleliem2"]
[Result "1-0"]
[ICCResult "Black resigns"]
[WhiteElo "1190"]
[BlackElo "1132"]
[Opening "Sicilian: Alapin's variation (2.c3)"]
[ECO "B22"]
[NIC "SI.46"]
[Time "20:00:09"]
[PlyCount "49"]
[TimeControl "2400+10"]

1. e4 c5 2. c3 e5 3. Nf3 Nc6 4. d4 exd4 5. cxd4 cxd4 6. Nxd4 g6 7. Be3 Bg7
8. Nc3 Nf6 9. Ndb5 O-O 10. Nd6 Ne8 11. Nxc8 Rxc8 12. Qb3 b6 13. Ba6 Rb8 14.
O-O Nc7 15. Bd3 Rc8 16. f4 Na5 17. Qc2 Ne6 18. Qd2 Qc7 19. Nd5 Qd8 20. f5
gxf5 21. exf5 Nc5 22. f6 Nxd3 23. fxg7 Kxg7 24. Bh6+ Kg8 25. Qxd3
{Black resigns}
1-0

[Event "ICC tourney 2955 (40 10)"]
[Site "Internet Chess Club"]
[Date "2022.07.09"]
[Round "5"]
[White "Jiang, Albert:AlbertJiang"]
[Black "Rajagopal, Mridhulaa:MridhulaaRaj"]
[Result "0-1"]
[ICCResult "White checkmated"]
[WhiteElo "554"]
[BlackElo "772"]
[Opening "Giuoco Piano"]
[ECO "C54"]
[NIC "IG.02"]
[Time "20:00:17"]
[PlyCount "148"]
[TimeControl "2400+10"]

1. e4 e5 2. Nf3 Nc6 3. Bc4 Bc5 4. c3 Nf6 5. d4 exd4 6. cxd4 Bb4+ 7. Bd2
Bxd2+ 8. Nbxd2 d6 9. d5 Na5 10. Bd3 O-O 11. b4 c6 12. bxa5 cxd5 13. exd5
Qxa5 14. O-O Qxd5 15. Be4 Nxe4 16. Nxe4 Qxe4 17. Qxd6 Bg4 18. Rfe1 Rad8 19.
Rxe4 Rxd6 20. Rxg4 Rfd8 21. Kf1 h5 22. Rg5 g6 23. Ke2 Re6+ 24. Re5 Rxe5+ 25.
Nxe5 Re8 26. f4 f6 27. Rb1 fxe5 28. fxe5 Rxe5+ 29. Kf2 b6 30. Kf3 Rf5+ 31.
Ke3 Ra5 32. Rb2 Ra3+ 33. Kd2 Kg7 34. Kc2 Kh6 35. Kb1 h4 36. Rb3 Ra5 37. Kb2
Rf5 38. Ra3 Rf2+ 39. Kb3 Rxg2 40. Rxa7 Rxh2 41. Rb7 Rh3+ 42. Kb2 Rf3 43.
Rxb6 Rf2+ 44. Kb3 h3 45. Rc6 h2 46. Rc1 Kh5 47. a4 Kh4 48. a5 Rf3+ 49. Kb2
Rf4 50. Rh1 Kh3 51. Kb3 Kg2 52. Rxh2+ Kxh2 53. a6 Rf7 54. Kb4 Ra7 55. Kb5
Rxa6 56. Kxa6 g5 57. Kb5 g4 58. Kc4 g3 59. Kd3 g2 60. Kd4 g1=Q+ 61. Ke4 Qf2
62. Kd5 Qf4 63. Kc5 Qd2 64. Kc4 Kg3 65. Kc5 Qd3 66. Kb4 Kf4 67. Kc5 Ke5 68.
Kb4 Qc2 69. Kb5 Qc3 70. Kb6 Qc4 71. Ka7 Qb5 72. Ka8 Kd6 73. Ka7 Kc7 74. Ka8
Qb7# {White checkmated} 0-1

[Event "ICC tourney 2955 (40 10)"]
[Site "Internet Chess Club"]
[Date "2022.07.09"]
[Round "5"]
[White "ANGELCHIK, JACOB:t105mm"]
[Black "Mishra, Abhinav:acm9000"]
[Result "1-0"]
[ICCResult "Black checkmated"]
[WhiteElo "1284"]
[BlackElo "1208"]
[Opening "Queen's bishop game"]
[ECO "D02"]
[NIC "QP.08"]
[Time "20:01:40"]
[PlyCount "91"]
[TimeControl "2400+10"]

1. d4 d5 2. Nf3 Nf6 3. Bf4 c5 4. e3 e6 5. c4 cxd4 6. exd4 Bd6 7. Bg3 O-O 8.
c5 Be7 9. Bd3 b6 10. b4 Nc6 11. b5 Nb4 12. c6 Nxd3+ 13. Qxd3 a6 14. Nc3 Ne4
15. Nxe4 dxe4 16. Qxe4 axb5 17. c7 Qd5 18. Qxd5 exd5 19. O-O Bd7 20. Ne5 Bc8
21. Nc6 Bf6 22. Be5 Bxe5 23. dxe5 Bd7 24. Ne7+ Kh8 25. Nxd5 Rac8 26. Rac1
Be6 27. Nxb6 Rce8 28. Rc2 Bc4 29. Nxc4 bxc4 30. Rxc4 Rc8 31. Rfc1 Rfe8 32.
f4 Kg8 33. a4 Kf8 34. a5 Ke7 35. a6 Kd7 36. Rd1+ Ke7 37. a7 h6 38. Ra1 Kd7
39. Rca4 Ra8 40. Rc4 Rec8 41. Rd1+ Ke7 42. Ra1 Kd7 43. Rd4+ Kxc7 44. Rc1+
Kb7 45. Rb4+ Kxa7 46. Ra1# {Black checkmated} 1-0

[Event "ICC tourney 2955 (40 10)"]
[Site "Internet Chess Club"]
[Date "2022.07.09"]
[Round "5"]
[White "HESS, KARL ALAN:Khess33"]
[Black "KODKANI, ARNAV:K05-16604473"]
[Result "0-1"]
[ICCResult "White resigns"]
[WhiteElo "1253"]
[BlackElo "1156"]
[Opening "Caro-Kann: advance variation"]
[ECO "B12"]
[NIC "CK.04"]
[Time "20:00:12"]
[PlyCount "90"]
[TimeControl "2400+10"]

1. e4 c6 2. d4 d5 3. e5 Bf5 4. Bd3 Bxd3 5. Qxd3 e6 6. Nf3 c5 7. c4 Nc6 8.
Bf4 Qb6 9. Qb3 dxc4 10. Qxb6 axb6 11. Nc3 cxd4 12. Nb5 Rc8 13. Nbxd4 Nxd4
14. Nxd4 Bc5 15. Nc2 b5 16. O-O Ne7 17. Bg5 Ng6 18. Rfe1 O-O 19. b4 cxb3 20.
axb3 Bxf2+ 21. Kxf2 Rxc2+ 22. Kf1 h6 23. Bc1 Nh4 24. Re2 Rxe2 25. Kxe2 Nxg2
26. Kf2 Nh4 27. b4 Ng6 28. Bb2 Nf4 29. Kf3 Nd5 30. Ra5 Nc7 31. Bd4 Rb8 32.
Ra7 Nd5 33. Bc5 b6 34. Bd6 Rc8 35. Ra2 Rc3+ 36. Kf2 Rb3 37. Ra8+ Kh7 38. Rb8
Nxb4 39. Rxb6 Nd3+ 40. Ke2 Nf4+ 41. Kd2 Rb2+ 42. Ke1 Nd3+ 43. Kd1 b4 44. Rb7
Kg6 45. Rc7 Rxh2 {White resigns} 0-1

[Event "ICC tourney 2955 (40 10)"]
[Site "Internet Chess Club"]
[Date "2022.07.09"]
[Round "5"]
[White "HECHT, HENRY:Henhec1001"]
[Black "Cao, Frank Zhongtian:FrankCao"]
[Result "0-1"]
[ICCResult "White checkmated"]
[WhiteElo "1016"]
[BlackElo "743"]
[Opening "English: closed system"]
[ECO "A25"]
[NIC "EO.19"]
[Time "20:00:07"]
[PlyCount "62"]
[TimeControl "2400+10"]

1. c4 e5 2. g3 Nc6 3. Bg2 g6 4. Nc3 Bg7 5. Nf3 Nf6 6. d3 d6 7. O-O O-O 8.
Bg5 h6 9. Bxf6 Bxf6 10. Ne4 Bg7 11. a3 a5 12. Qd2 b6 13. b4 axb4 14. axb4
Rxa1 15. Rxa1 Bb7 16. Nc3 Qd7 17. Rb1 Ra8 18. Nd5 Ne7 19. Nxe7+ Qxe7 20. Nh4
Bxg2 21. Nxg2 e4 22. Qe3 f5 23. f3 c5 24. bxc5 bxc5 25. Qf4 exd3 26. exd3
Ra2 27. Kh1 Qe2 28. Rg1 Bd4 29. Qxd6 Qxg2+ 30. Rxg2 Ra1+ 31. Rg1 Rxg1#
{White checkmated}
0-1

[Event "ICC tourney 2955 (40 10)"]
[Site "Internet Chess Club"]
[Date "2022.07.09"]
[Round "5"]
[White "WENG, JOHNSON:K01-30136161"]
[Black "Morgan, Lakshmi M:luckylol3"]
[Result "0-1"]
[ICCResult "White checkmated"]
[WhiteElo "1226"]
[BlackElo "1314"]
[Opening "Two knights defense"]
[ECO "C59"]
[NIC "KP.01"]
[Time "20:00:10"]
[PlyCount "102"]
[TimeControl "2400+10"]

1. e4 e5 2. Nf3 Nc6 3. Bc4 Nf6 4. Ng5 d5 5. exd5 Na5 6. Bb5+ c6 7. dxc6 bxc6
8. Be2 h6 9. Nf3 e4 10. Ne5 Qd4 11. f4 Bc5 12. Rf1 Bd6 13. c3 Qb6 14. d4
exd3 15. Nxd3 O-O 16. Nd2 Qc7 17. Nf3 Bf5 18. Nfe5 Rad8 19. Bd2 Bxd3 20.
Nxd3 Rfe8 21. Qc2 Re7 22. Rf2 Rde8 23. Kf1 Ne4 24. Rf3 Nxd2+ 25. Qxd2 Rxe2
26. Qxe2 Rxe2 27. Kxe2 c5 28. Kd2 c4 29. Ne5 Bxe5 30. fxe5 Qxe5 31. h3 Qg5+
32. Re3 Qxg2+ 33. Re2 Qxh3 34. Rae1 Nc6 35. Re8+ Kh7 36. R8e3 Qd7+ 37. Kc2
h5 38. Rh1 Qf5+ 39. Kd2 Qd5+ 40. Kc2 Qxh1 41. Re2 Qd5 42. Rd2 Qe4+ 43. Kc1
h4 44. Rd1 Ne5 45. Rf1 Qe3+ 46. Kd1 Nf3 47. Rxf3 Qxf3+ 48. Kc2 h3 49. b3
Qe2+ 50. Kb1 h2 51. bxc4 h1=Q# {White checkmated} 0-1

[Event "ICC tourney 2955 (40 10)"]
[Site "Internet Chess Club"]
[Date "2022.07.09"]
[Round "5"]
[White "HAMLETT, JAMES MORRISON:Hamlett144"]
[Black "NANDURBARKAR, ANSH S:anandurbarkar"]
[Result "1-0"]
[ICCResult "Black checkmated"]
[WhiteElo "1252"]
[BlackElo "1131"]
[Opening "Evans gambit"]
[ECO "C51"]
[NIC "IG.05"]
[Time "20:00:13"]
[PlyCount "135"]
[TimeControl "2400+10"]

1. e4 e5 2. Nf3 Nc6 3. Bc4 Bc5 4. b4 Bxb4 5. c3 Bc5 6. d4 exd4 7. cxd4 Bb4+
8. Bd2 Bxd2+ 9. Nbxd2 Nf6 10. e5 d5 11. exf6 dxc4 12. fxg7 Rg8 13. Qe2+ Be6
14. O-O-O Nxd4 15. Nxd4 Qxd4 16. Nb1 Qxg7 17. g3 Qg5+ 18. Kb2 Rd8 19. Nc3
Kf8 20. Rxd8+ Qxd8 21. Rd1 Qe7 22. Qd2 Qb4+ 23. Ka1 Rg6 24. f4 b6 25. Rb1
Qa5 26. Rb5 Qa3 27. f5 Bd7 28. fxg6 Bxb5 29. Nxb5 Qc5 30. gxh7 Kg7 31. h8=Q+
Kxh8 32. Qd4+ Qxd4+ 33. Nxd4 Kg7 34. h4 Kg6 35. g4 c5 36. Nf3 f6 37. Kb2 b5
38. Kc3 a5 39. h5+ Kh6 40. a4 bxa4 41. Kxc4 a3 42. Kb3 a4+ 43. Kxa3 c4 44.
Kxa4 c3 45. Kb3 c2 46. Kxc2 Kg7 47. Kd3 Kh6 48. Ke4 Kg7 49. Kf5 Kf7 50. h6
Kg8 51. Kxf6 Kh7 52. g5 Kh8 53. Ne5 Kh7 54. Nd7 Kh8 55. Kg6 Kg8 56. Nf6+ Kh8
57. Ng8 Kxg8 58. Kf6 Kh8 59. g6 Kg8 60. h7+ Kh8 61. g7+ Kxh7 62. Kf7 Kh6 63.
g8=Q Kh5 64. Kf6 Kh4 65. Kf5 Kh3 66. Kf4 Kh2 67. Kf3 Kh1 68. Qg2#
{Black checkmated}
1-0

[Event "ICC tourney 2955 (40 10)"]
[Site "Internet Chess Club"]
[Date "2022.07.09"]
[Round "5"]
[White "Mishra, Aakash:ttpq52"]
[Black "Yang, Leah:Leahyang0713"]
[Result "1/2-1/2"]
[ICCResult "Game drawn by repetition"]
[WhiteElo "401"]
[BlackElo "687"]
[Opening "Queen's pawn: Chigorin variation"]
[ECO "D00"]
[NIC "QP.08"]
[Time "20:00:16"]
[PlyCount "110"]
[TimeControl "2400+10"]

1. d4 d5 2. Nc3 Bf5 3. f3 Nf6 4. g4 Bg6 5. g5 Nh5 6. e4 e6 7. Be3 Bb4 8. Qd3
f6 9. Nh3 O-O 10. Bg2 Nc6 11. a3 Bxc3+ 12. Qxc3 e5 13. O-O-O exd4 14. Bxd4
fxg5 15. exd5 Nxd4 16. Rxd4 Rc8 17. Rhd1 Qf6 18. Qb3 Qb6 19. Qxb6 cxb6 20.
c3 Nf4 21. Nxf4 Rxf4 22. Rxf4 gxf4 23. Rd4 Rf8 24. d6 Rd8 25. d7 Bf5 26.
Rxf4 Bxd7 27. Rd4 Kf8 28. Kb1 Ke7 29. Kc2 Bf5+ 30. Kd2 Rf8 31. f4 Rb8 32. b4
Bd7 33. Be4 h6 34. Rd3 Bc6 35. Ke3 Kf8 36. Rd6 Re8 37. Rd4 Kf7 38. Kd3 Bxe4+
39. Rxe4 Rxe4 40. Kxe4 Kf6 41. f5 g5 42. fxg6 Kxg6 43. Kf4 h5 44. h4 Kf6 45.
c4 a6 46. a4 a5 47. b5 Kg6 48. Kg3 Kf5 49. Kf3 Ke5 50. Ke3 Kf5 51. Kf3 Ke5
52. Ke3 Kf5 53. Kf3 Ke5 54. Ke3 Kf5 55. Kf3 Ke5 {Game drawn by repetition}
1/2-1/2

[Event "ICC tourney 2955 (40 10)"]
[Site "Internet Chess Club"]
[Date "2022.07.09"]
[Round "5"]
[White "JAIN, ISAAC:itg"]
[Black "Wang, Chase:chensix"]
[Result "0-1"]
[ICCResult "White resigns"]
[WhiteElo "973"]
[BlackElo "918"]
[Opening "Giuoco Pianissimo: Italian four knights variation"]
[ECO "C50"]
[NIC "IG.02"]
[Time "20:00:07"]
[PlyCount "68"]
[TimeControl "2400+10"]

1. e4 e5 2. Nf3 Nc6 3. Bc4 Bc5 4. Nc3 Nf6 5. d3 h6 6. Be3 Bxe3 7. fxe3 Na5
8. Nxe5 Nxc4 9. Nxc4 O-O 10. O-O d6 11. Nd5 Nxd5 12. exd5 b5 13. Nd2 Qg5 14.
Qf3 Bb7 15. c4 bxc4 16. dxc4 Rac8 17. Ne4 Qe5 18. Qg4 f5 19. Qh3 fxe4 20.
Rxf8+ Rxf8 21. Qd7 Qxb2 22. Rf1 Rxf1+ 23. Kxf1 Qc1+ 24. Kf2 Qxc4 25. Qe6+
Kh7 26. Qf5+ Kg8 27. Qe6+ Kh8 28. Qf5 Qxd5 29. Qf8+ Qg8 30. Qe7 Qxa2+ 31.
Kf1 Ba6+ 32. Kg1 Qa1+ 33. Kf2 Qf6+ 34. Qxf6 gxf6 {White resigns} 0-1

[Event "ICC tourney 2955 (40 10)"]
[Site "Internet Chess Club"]
[Date "2022.07.09"]
[Round "5"]
[White "Jones, Richard S:weakfish"]
[Black "Yang, Daniel Benji Benji:DanielYang99"]
[Result "1-0"]
[ICCResult "Black checkmated"]
[WhiteElo "1354"]
[BlackElo "1257"]
[Opening "Ruy Lopez: Steinitz defense deferred (Russian defense)"]
[ECO "C79"]
[NIC "RL.12"]
[Time "20:00:11"]
[PlyCount "137"]
[TimeControl "2400+10"]

1. e4 e5 2. Nf3 Nc6 3. Bb5 a6 4. Ba4 Nf6 5. O-O d6 6. d3 h6 7. h3 Be7 8. Nc3
O-O 9. Be3 Be6 10. Qd2 Nh7 11. Rad1 Ng5 12. Nxg5 Bxg5 13. Bxg5 Qxg5 14. Qxg5
hxg5 15. Bxc6 bxc6 16. d4 Rfe8 17. dxe5 dxe5 18. b3 Red8 19. Na4 Rxd1 20.
Rxd1 Kf8 21. Nc5 Ke7 22. Rd3 a5 23. Kf1 Rb8 24. Ke2 Rb5 25. Nxe6 Kxe6 26.
Rd8 Rb4 27. Ke3 c5 28. c4 a4 29. Rd3 axb3 30. axb3 Rb8 31. Kd2 g6 32. Kc3 f5
33. exf5+ gxf5 34. Rd5 c6 35. Rxc5 Kd6 36. Ra5 e4 37. Rxf5 Rg8 38. b4 g4 39.
h4 g3 40. fxg3 Rxg3+ 41. Kd4 Rg4 42. Rg5 Rxh4 43. g4 Rh1 44. b5 Rd1+ 45.
Kxe4 cxb5 46. cxb5 Rb1 47. Rd5+ Ke7 48. Kf5 Rf1+ 49. Kg6 Rf6+ 50. Kg5 Rb6
51. Kh5 Kf7 52. g5 Kg7 53. Rc5 Kf7 54. Rf5+ Kg7 55. Kg4 Kg8 56. g6 Kg7 57.
Kh5 Kg8 58. Kh6 Rd6 59. Rc5 Rd8 60. b6 Kf8 61. b7 Ke7 62. Kh7 Rd7 63. b8=Q
Kf6+ 64. Kh6 Ke7 65. Qe5+ Kd8 66. Qf6+ Re7 67. Qf8+ Kd7 68. Qc8+ Kd6 69.
Qc6# {Black checkmated} 1-0